 Dungeon Crawl Stone Soup version 0.14.2 (webtiles) character file.

280 Patchouli the Magician (level 5, -9/28 HPs)
             Began as a Deep Elf Ice Elementalist on Nov 2, 2016.
             Mangled by a gnoll
             ... wielding a +0,+0 short sword
              (12 damage)
             ... on Level 3 of the Dungeon.
             The game lasted 00:07:17 (1326 turns).

Patchouli the Magician (Deep Elf Ice Elementalist)  Turns: 1326, Time: 00:07:17

HP  -9/28        AC  3     Str  6      XL: 5   Next: 76%
MP   4/21        EV 10     Int 20      God:
Gold 45          SH  0     Dex 15      Spells:  3 memorised, 11 levels left

rFire  . . .     SeeInvis .     j - -2,-3 dagger (curse)
rCold  . . .     Clarity  .     t - +0 leather armour
rNeg   . . .     Conserve .     (no shield)
rPois  .         rCorr    .     (no helmet)
rElec  .         rRot     .     (no cloak)
SustAb . .       Spirit   .     (no gloves)
rMut   .         Warding  .     (no boots)
Saprov . . .     Stasis   .     (no amulet)
MR     .....                    (no ring)
                                (no ring)

@: very slightly contaminated, not resistant to hostile enchantments, fairly
stealthy
A: no striking features
a: no special abilities


You were on level 3 of the Dungeon.
You were hungry.

You visited 1 branch of the dungeon, and saw 4 of its levels.

You collected 45 gold pieces.

Inventory:

Hand weapons
 f - a +0 blowgun
 j - a cursed -2,-3 dagger (weapon)
 k - a +0,+0 cutlass
 o - a cursed -2,-3 short sword
Missiles
 i - 3 darts (quivered)
 r - 6 tomahawks
 y - 11 poisoned needles
Armour
 a - a +0 robe
 m - a +0 leather armour
 n - a cursed +0 leather armour
 t - a +0 leather armour (worn)
Comestibles
 c - a bread ration
 d - a choko
 x - a rotting chunk of rat flesh
 z - 2 rotting chunks of quokka flesh
Scrolls
 e - a scroll of blinking {unknown}
 g - 2 scrolls of identify {unknown}
 h - a scroll of enchant weapon I {unknown}
 p - 2 scrolls of remove curse {unknown}
 q - a scroll of enchant weapon II {unknown}
 s - a scroll of teleportation {unknown}
Potions
 l - a potion of heal wounds
 v - a potion of resistance {unknown}
Books
 b - a book of Frost

   Spells                             Type                      Level
   *Freeze                            Ice                          1
   *Throw Frost                       Conjuration/Ice              2
   *Ozocubu's Armour                  Charms/Ice                   3
   Throw Icicle                       Conjuration/Ice              4
   Summon Ice Beast                   Ice/Summoning                4
   Condensation Shield                Ice                          4


   Skills:
 - Level 2.4 Dodging
 - Level 2.4 Stealth
 * Level 6.7 Spellcasting
 - Level 1.1 Conjurations
 + Level 5.0 Ice Magic


You had 11 spell levels left.
You knew the following spells:

 Your Spells              Type           Power        Failure   Level  Hunger
a - Freeze                Ice            ####         1%          1    None
b - Throw Frost           Conj/Ice       ###...       4%          2    None
q - Ozocubu's Armour      Chrm/Ice       ###.......   12%         3    ##.....


Dungeon Overview and Level Annotations

Branches:
Dungeon (4/15)
 Temple: D:4-7

Altars:


Message History

Casting: Freeze
Confirm with . or Enter, or press ? or * to list all spells.
You miscast Ozocubu's Armour.
You are very lightly contaminated with residual magic.
Your skin tingles.
Casting: Ozocubu's Armour
Confirm with . or Enter, or press ? or * to list all spells.
Aiming: Throw Frost
Press: ? - help, Shift-Dir - straight line, f - gnoll
Aim: a gnoll, wielding a short sword The puff of frost misses the gnoll.
Casting: Throw Frost
Confirm with . or Enter, or press ? or * to list all spells.
Aiming: Freeze
Press: ? - help, Shift-Dir - straight line, f/p - gnoll
Aim: a gnoll, wielding a short sword You freeze the gnoll.
The gnoll is lightly wounded.
The gnoll hits you with a short sword!
You die...

#....g.g.#
..........###.#
###..#.#.#
#.####### #.
#.#.# #...g...#
#. g.#.#
#######.# #
.###.# ##.#####
..###.#####
#......#
.......#)..##
#....#.#
##g@#..###...)#.#
#...#...##.##...#
#.#####.##. ##.%#
#...#...##.###..#
#...#...##.....)#
#.....#.######.##
#>#####.######.#
##.
#..............#
...
#<#####.########


You could see a gnoll.

Vanquished Creatures
  Eustachio (D:3)
  4 gnolls (D:3)
  An adder (D:2)
  2 worms (D:3)
  An ooze (D:2)
  A giant cockroach (D:2)
  4 goblins
  4 hobgoblins
  4 jackals (D:2)
  3 kobolds
  2 quokkas (D:3)
  A ball python (D:3)
  3 bats
  5 giant newts
  5 rats
41 creatures vanquished.

Notes
Turn   | Place    | Note
--------------------------------------------------------------
     0 | D:1      | Patchouli, the Deep Elf Ice Elementalist, began the quest for the Orb.
     0 | D:1      | Reached XP level 1. HP: 10/10 MP: 5/5
   151 | D:2      | Reached XP level 2. HP: 10/15 MP: 4/8
   158 | D:2      | Learned a level 2 spell: Throw Frost
   420 | D:2      | Reached skill level 4 in Spellcasting
   420 | D:2      | Reached XP level 3. HP: 19/19 MP: 9/12
   425 | D:2      | Learned a level 3 spell: Ozocubu's Armour
  1110 | D:4      | Noticed Eustachio
  1132 | D:3      | Reached skill level 5 in Spellcasting
  1132 | D:3      | Reached XP level 4. HP: 20/24 MP: 1/17
  1303 | D:3      | Killed Eustachio
  1303 | D:3      | Reached skill level 6 in Spellcasting
  1303 | D:3      | Reached skill level 5 in Ice Magic
  1303 | D:3      | Reached XP level 5. HP: 9/28 MP: 9/21
  1326 | D:3      | Mangled by a gnoll

Action                   |  1- 3 |  4- 6 || total
-------------------------+-------+-------++-------
Melee: Unarmed           |     1 |       ||     1
       Dagger            |     8 |       ||     8
Throw: Dart              |     2 |       ||     2
 Cast: Freeze            |    62 |    15 ||    77
       Throw Frost       |     2 |     1 ||     3
       Ozocubu's Armour  |     3 |     1 ||     4
  Use: Potion            |     3 |       ||     3
 Stab: Sleeping          |     6 |       ||     6
